 Dungeon Crawl Stone Soup version 0.28.0-53-g5a82cb258f (webtiles) character file.

Game seed: 8129813796885428071

43 firemarshallily the Chopper (level 3, 0/31 HPs)
             Began as a Hill Orc Gladiator on July 2, 2022.
             Slain by a gnoll
             ... wielding a +0 halberd
              (4 damage)
             ... on level 2 of the Dungeon.
             The game lasted 00:02:20 (1420 turns).

firemarshallily the Chopper (Hill Orc Gladiator)    Turns: 1420, Time: 00:02:20

Health: 0/31       AC:  4    Str: 18    XL:     3   Next: 58%
Magic:  3/3        EV: 12    Int:  8    God:
Gold:   86         SH:  0    Dex: 12    Spells: 2/2 levels left

rFire   . . .      SeeInvis .   a - +0 war axe
rCold   . . .      Faith    .   (no shield)
rNeg    . . .      Spirit   .   b - +0 leather armour
rPois   .          Reflect  .   c - +0 helmet
rElec   .          Harm     .   (no cloak)
rCorr   .          Rampage  .   (no gloves)
Will    .....                   (no boots)
Stlth   +.........              (no amulet)
HPRegen 0.10/turn               (no ring)
MPRegen 0.08/turn               (no ring)

@: no status effects
A: no striking features
a: no special abilities


You were on level 2 of the Dungeon.
You visited 1 branch of the dungeon, and saw 2 of its levels.

You collected 86 gold pieces.

Inventory:

Hand Weapons
 a - a +0 war axe (weapon)
Missiles
 d - 3 throwing nets (quivered)
 e - 2 poisoned darts
 h - 61 stones
Armour
 b - a +0 leather armour (worn)
 c - a +0 helmet (worn)
 i - a +0 ring mail
Scrolls
 f - a scroll of vulnerability {unknown}
 j - 2 scrolls of identify {unknown}
 k - a scroll of amnesia {unknown}
 l - a scroll of fear {unknown}
Potions
 g - a potion of might {unknown}


   Skills:
 * Level 3.3 Fighting
 * Level 4.8 Axes
 - Level 1.7 Throwing
 + Level 1.0 Armour
 - Level 2.4 Dodging
 + Level 1.3 Invocations


You had 2 spell levels left.
You didn't know any spells.
Your spell library contained the following spells:

 Spells                   Type           Power      Damage    Failure   Level
 Gell's Gravitas          Tloc           0%         N/A       83%         3
 Lesser Beckoning         Tloc           0%         N/A       83%         3
 Teleport Other           Tloc           0%         N/A       83%         3


Dungeon Overview and Level Annotations

Branches:
Dungeon (2/15)

Altars:


Message History

The adder is severely wounded.
The adder bites you but does no damage. x2
You completely miss the adder.
The adder is severely wounded.
The adder bites you but does no damage.
You hit the adder.
The adder is almost dead.
The adder barely misses you. The adder bites you but does no damage.
You closely miss the adder.
The adder is severely wounded.
The adder barely misses you. The adder completely misses you.
You closely miss the adder.
The adder is severely wounded.
The adder bites you.
You barely miss the adder.
The adder is severely wounded.
The adder closely misses you. The adder completely misses you.
You hit the adder.
You kill the adder!
Your Armour skill increases to level 1! 3 gnolls come into view.
The gnoll shouts!
A jackal skeleton comes into view.
The gnoll barely misses you.
You completely miss the gnoll. The gnoll barely misses you.
You slash the gnoll!
The gnoll is severely wounded.
A gnoll comes into view. It is wielding a +0 club.
The gnoll barely misses you.
The gnoll shouts!
You hit the gnoll.
The gnoll is almost dead.
You hit the gnoll. The gnoll hits you with a +0 halberd!
The gnoll hits you from afar with a +0 spear.
The gnoll hits you with a +0 halberd!
* * * LOW HITPOINT WARNING * * *
The gnoll hits you with a +0 club.
* * * LOW HITPOINT WARNING * * *
The gnoll hits you from afar with a +0 halberd.
You die...

#.# #.# #.# #.#
#.##.# ### #.#.##
#.. #.##.## #.#
#.###.###.####.
#..>...#....... #
######.g.####....
....g.g..@.....#
....###g########
... ..Z# . #####


You could see 4 gnolls.

Vanquished Creatures
  An adder (D:2)
  An adder skeleton (D:2)
  2 dart slugs (D:1)
  3 ball pythons
  2 bats (D:1)
  A bat zombie (D:2)
  2 endoplasms (D:1)
  4 goblins
  2 hobgoblins (D:1)
  A ball python zombie (D:2)
  3 frilled lizards (D:1)
  2 kobolds (D:1)
  4 rats
28 creatures vanquished.

Notes
Turn   | Place    | Note
-------+----------+-------------------------------------------
     0 | D:1      | firemarshallily the Hill Orc Gladiator began the quest for
                  | the Orb.
     0 | D:1      | Reached XP level 1. HP: 18/18 MP: 1/1
   290 | D:1      | Reached XP level 2. HP: 25/25 MP: 2/2
  1126 | D:1      | Reached skill level 1 in Invocations
  1126 | D:1      | Reached XP level 3. HP: 29/31 MP: 3/3
  1409 | D:2      | Reached skill level 1 in Armour
  1420 | D:2      | Slain by a gnoll

Illustrated notes

Levels and vault maps discovered:
D:1:      dpeg_arrival_oval, layout_basic, minmay_split_cup_large
D:2:      layout_loops_ring, serial_undead, serial_undead_f, serial_undead_d,
          serial_undead_b, serial_undead_f, serial_undead_f, serial_undead_c,
          ebering_ecumenical_altar_rust

Skill      XL: |  1  2  3 |
---------------+----------+-----
Fighting       | 3 |  3.3
Invocations    | 1 |  1.3
Armour         | 1 |  1.0
Axes           | |  4.8
Throwing       | |  1.7
Dodging        | |  2.4

Action                   || total
-------------------------++-------
Melee: War axe           ||    69
Armor: Leather armour    ||    26
Dodge: Dodged            ||    60
